 Dungeon Crawl Stone Soup version 0.30-a0-385-gfebfb9b408 (webtiles) character file.

Game seed: 1320631254634220140

211 ragingrage the Shooter (level 5, -3/26 HPs)
             Began as a Spriggan Hunter on Dec 2, 2022.
             Was an Initiate of Hepliaklqana.
             Killed from afar by an orc wizard (8 damage)
             ... with a magic dart
             ... on level 4 of the Dungeon.
             The game lasted 00:02:58 (2925 turns).

ragingrage the Shooter (Spriggan Hunter)            Turns: 2925, Time: 00:02:59

Health: -3/26      AC:  3    Str:  7    XL:     5   Next: 57%
Magic:  6/6        EV: 18    Int: 10    God:    Hepliaklqana [......]
Gold:   168        SH:  0    Dex: 21    Spells: 4/4 levels left

rFire   . . .      SeeInvis +    a - +0 shortbow
rCold   . . .      Faith    +    (shield currently unavailable)
rNeg    . . .      Spirit   .    C - +1 robe {Will+}
rPois   .          Reflect  .    (helmet restricted)
rElec   .          Harm     .    (no cloak)
rCorr   .          Rampage  .    (gloves unavailable)
Will    +....                    (boots unavailable)
Stlth   +++.......               t - amulet of faith
HPRegen 0.24/turn                (no ring)
MPRegen 0.10/turn                (no ring)

@: very quick
A: very small, no large weapons, unfitting armour, see invisible, speed 3
a: Renounce Religion


You were on level 4 of the Dungeon.
You worshipped Hepliaklqana.
Hepliaklqana was noncommittal.
You visited 2 branches of the dungeon, and saw 6 of its levels.

You collected 168 gold pieces.

Inventory:

Hand Weapons
 a - a +0 shortbow (weapon)
Armour
 C - a +1 robe of willpower (worn)
Jewellery
 r - the amulet of the Air {Inacc Air Fly rElec RMsl}
   (You found it on level 2 of the Dungeon)

   [amulet of nothing]

   It reduces the accuracy of all your attacks.
   It enhances your air magic.
   rElec:     It insulates you from electricity.
   Fly:       It grants you flight.
   RMsl:      It protects you from missiles.
 t - an amulet of faith (around neck)
 B - a ring of flight
Wands
 u - a wand of paralysis (4)
 w - a wand of polymorph (8)
Scrolls
 b - 2 scrolls of immolation
 h - a scroll of teleportation {unknown}
 i - a scroll of vulnerability {unknown}
 k - a scroll of noise
 o - 4 scrolls of identify
 p - 2 scrolls of fear {unknown}
 q - a scroll of amnesia {unknown}
 v - a scroll of enchant armour {unknown}
 x - a scroll of magic mapping {unknown}
 y - a scroll of blinking {unknown}
Potions
 d - a potion of heal wounds {unknown}
 e - a potion of degeneration {unknown}
 f - a potion of magic {unknown}
 g - a potion of invisibility {unknown}
 j - a potion of attraction {unknown}
 l - 2 potions of might {unknown}
 m - a potion of flight {unknown}
 n - 2 potions of haste {unknown}
 s - a potion of curing {unknown}
 z - a potion of cancellation {unknown}
 A - a potion of lignification {unknown}


   Skills:
 - Level 1.7 Fighting
 + Level 6.0 Ranged Weapons
 - Level 3.0 Dodging
 - Level 5.0 Stealth


You had 4 spell levels left.
You didn't know any spells.
Your spell library contained the following spells:

 Spells                   Type           Power      Damage    Failure   Level
 Sandblast                Erth           0%         2d4       36%         1
 Summon Small Mammal      Summ           0%         N/A       36%         1
 Passwall                 Tmut/Erth      0%         N/A       50%         2
 Call Canine Familiar     Summ           0%         N/A       75%         3
 Stone Arrow              Conj/Erth      0%         3d7       75%         3
 Summon Guardian Golem    Hex/Summ       0%         N/A       75%         3
 Freezing Cloud           Conj/Ice/Air   0%         6-21      100%        5
 Simulacrum               Ice/Necr       0%         N/A       100%        6
 Polar Vortex             Ice            0%         N/A       100%        9


Dungeon Overview and Level Annotations

Branches:
Dungeon (5/15)             Temple (1/1) D:4

Altars:
Ashenzari
Cheibriados
Dithmenos
Elyvilon
Fedhas
Hepliaklqana
Kikubaaqudgha
Makhleb
Nemelex Xobeh
Okawaru
Qazlal
Ru
Sif Muna
Uskayaw
Vehumet
Wu Jian
Xom
Yredelemnul
Zin
The Shining One


Innate Abilities, Weirdness & Mutations

You are very small and have problems with some larger weapons.
You are too small for most types of armour.
You have supernaturally acute eyesight. (SInv)
You cover ground extremely quickly. (Speed+++)


Message History

Fire: a) +0 shortbow
Press: ? - help, Q - select action, (/) - cycle Shift-Dir - straight line, f/p - orc wizard
Aim: an orc wizard, wielding a +0 dagger and wearing a +0 robe (severely wounded, slightly transparent, 59% to hit)
You shoot an arrow.
The arrow hits the orc wizard but does no damage.
The orc wizard is severely wounded.
Fire: a) +0 shortbow
Press: ? - help, Q - select action, (/) - cycle Shift-Dir - straight line, f/p - orc wizard
Aim: an orc wizard, wielding a +0 dagger and wearing a +0 robe (severely wounded, slightly transparent, 59% to hit)
You shoot an arrow.
The arrow closely misses the orc wizard.
The arrow hits the orc.
You kill the orc!
The orc wizard hits you but does no damage.
Fire: a) +0 shortbow
Press: ? - help, Q - select action, (/) - cycle Shift-Dir - straight line, f/p - orc wizard
Aim: an orc wizard, wielding a +0 dagger and wearing a +0 robe (severely wounded, slightly transparent, 59% to hit)
You shoot an arrow. The arrow barely misses the orc wizard.
The orc wizard points at you and mumbles some strange words.
The magic dart hits you!
Unknown command.
Unknown command.
You shoot an arrow.
The arrow hits the orc wizard but does no damage.
The orc wizard is severely wounded.
The orc wizard barely misses you.
You shoot an arrow. The arrow hits the orc wizard.
The orc wizard is almost dead.
The orc wizard barely misses you.
The orc wizard gestures at you while chanting.
The puff of flame hits you!
* * * LOW HITPOINT WARNING * * *
Fire: a) +0 shortbow
Press: ? - help, Q - select action, (/) - cycle Shift-Dir - straight line, f/p - orc wizard
Aim: an orc wizard, wielding a +0 dagger and wearing a +0 robe (almost dead, slightly transparent, 59% to hit)
You shoot an arrow.
The arrow closely misses the orc wizard.
The orc wizard gestures at you while chanting.
The magic dart hits you!
You die...

#≈≈≈≈≈≈≈≈.................(......
###...##...)....>......###.......
#..............#...### #...##>.
#..................### #.......
###.............###....###.......
#.#.........[#### #..............
......##.......#####..###........
......#...........##.##).........
#.......#.##....@o)..)...........
#.......###....#...####..........
##...........####....##.....###..
#.........### ##...#......###..
#.........## ##..........###.
##.........# ##...##..#..# ##
####......# #..###...#### #
##....## #...####..## ##.###
###...###..#


You could see an orc wizard (invisible).

Vanquished Creatures
  A scorpion (D:3)
  A hound (D:4)
  3 gnolls (D:3)
  An adder (D:3)
  2 worms
  A dart slug (D:4)
  4 orcs
  8 endoplasms
  3 giant cockroaches
  6 goblins
  8 hobgoblins
  10 jackals
  3 quokkas
  5 ball pythons
  4 bats
  6 kobolds
  6 rats
72 creatures vanquished.

Notes
Turn   | Place    | Note
-------+----------+-------------------------------------------
     0 | D:1      | ragingrage the Spriggan Hunter began the quest for the Orb.
     0 | D:1      | Reached XP level 1. HP: 10/10 MP: 2/2
   360 | D:1      | Reached XP level 2. HP: 15/15 MP: 3/3
   794 | D:2      | Reached XP level 3. HP: 18/18 MP: 4/4
  1256 | D:2      | Found the amulet of the Air {Inacc Air Fly rElec RMsl}
  1516 | D:3      | Reached XP level 4. HP: 23/23 MP: 5/5
  1866 | D:4      | Found a staircase to the Ecumenical Temple.
  1933 | D:4      | Found a white marble altar of Elyvilon.
  1937 | D:4      | Found a glowing golden altar of the Shining One.
  1937 | D:4      | Noticed a scorpion
  2085 | Temple   | Entered the Ecumenical Temple
  2228 | Temple   | Became a worshipper of Hepliaklqana the Forgotten
  2300 | D:3      | Killed a scorpion
  2301 | D:3      | Reached skill level 5 in Ranged Weapons
  2301 | D:3      | Reached skill level 5 in Stealth
  2301 | D:3      | Reached XP level 5. HP: 16/26 MP: 6/6
  2629 | D:4      | Found a shimmering altar of Xom.
  2629 | D:4      | Found a basalt altar of Yredelemnul.
  2884 | D:5      | Entered Level 5 of the Dungeon
  2915 | D:4      | Reached skill level 6 in Ranged Weapons
  2925 | D:4      | Killed from afar by an orc wizard

Illustrated notes

Levels and vault maps discovered:
D:1:      evilmike_arrival_rings, layout_loops_ring
D:2:      wander_river, layout_rooms, hangedman_feature_mirror,
          grunt_decor_mini_mirrors
D:3:      layout_rooms
D:4:      layout_cave_pools, gammafunk_temple_overflow_wave,
          nicolae_overflow_squiral, minmay_temple_entry_junction,
          kennysheep_pointless_box
D:5:      layout_basic
Temple:   eino_temple_scatter_basement

Skill      XL: |  1  2  3  4  5 |
---------------+----------------+-----
Stealth        | 2 3 4 5 |  5.0
Dodging        | 3 |  3.0
Ranged Weapons | 5 6 |  6.0
Fighting       | |  1.7

Action                   |  1- 3 |  4- 6 || total
-------------------------+-------+-------++-------
 Fire: Shortbow          |   116 |   108 ||   224
  Use: Scroll            |     1 |       ||     1
Armor: Robe              |     5 |     3 ||     8
Dodge: Dodged            |    49 |    41 ||    90

Table legend: (Time is in decaauts)
 A = Elapsed time spent in this place.
 B = Non-inter-level travel time spent in this place.
 C = Inter-level travel time spent in this place.
 D = Time resting spent in this place.
 E = Time spent auto-exploring this place.
 F = Levels seen in this place.
 G = Mean time per level.
                   A        B        C        D        E       F      G
               +--------+--------+--------+--------+--------+-----+--------+
         Total |   2034 |   1892 |    142 |    145 |   1189 |   6 |  339.0 |
       Dungeon |   1936 |   1813 |    123 |    145 |   1119 |   5 |  387.2 |
        Temple |     98 |     79 |     19 |      0 |     69 |   1 |   98.0 |
               +--------+--------+--------+--------+--------+-----+--------+

Top non-repeatable levels by time:
     D:4: 524 daAuts
     D:1: 504 daAuts
     D:3: 450 daAuts
     D:2: 447 daAuts
  Temple: 98 daAuts
     D:5: 9 daAuts
